 Dungeon Crawl Stone Soup version 0.29.0-15-g675c0067aa (webtiles) character file.

Game seed: 10232972881054326880

1182 writerjack the Cleaver (level 8, -2/64 HPs)
             Began as a Minotaur Berserker on Sept 12, 2022.
             Was a Priest of Trog.
             Slain by Pikel
             ... wielding a +0 whip of electrocution
              (7 damage)
             ... on level 6 of the Dungeon.
             The game lasted 00:14:20 (5912 turns).

writerjack the Cleaver (Minotaur Berserker)         Turns: 5912, Time: 00:14:20

Health: -2/64      AC:  9    Str: 31    XL:     8   Next: 19%
Magic:  7/7        EV:  9    Int:  4    God:    Trog [***...]
Gold:   310        SH:  0    Dex:  9    Spells: 7/7 levels left

rFire   . . .      SeeInvis .   r - +0 war axe
rCold   . . .      Faith    .   (no shield)
rNeg    . . .      Spirit   .   s - +0 chain mail
rPois   .          Reflect  .   (helmet restricted)
rElec   .          Harm     .   (no cloak)
rCorr   .          Rampage  .   (no gloves)
Will    ++...                   t - +0 pair of boots
Stlth   ..........              (no amulet)
HPRegen 1.20/turn               e - +6 ring of strength
MPRegen 0.10/turn               (no ring)

@: strong-willed, on berserk cooldown, regenerating, slowed, very slow
A: horns 2, retaliatory headbutt
a: Renounce Religion, Berserk, Trog's Hand


You were on level 6 of the Dungeon.
You worshipped Trog.
Trog was most pleased with you.
You visited 1 branch of the dungeon, and saw 7 of its levels.

You collected 310 gold pieces.

Inventory:

Hand Weapons
 a - a +0 hand axe
 r - a +0 war axe (weapon)
Missiles
 y - 6 javelins
 D - 14 poisoned darts (quivered)
Armour
 b - a +0 animal skin
 s - a +0 chain mail (worn)
 t - a +0 pair of boots (worn)
Jewellery
 e - a +6 ring of strength (left hand)
 B - a ring of protection from cold
Wands
 q - a wand of roots (10)
Scrolls
 c - 6 scrolls of fog {unknown}
 f - 3 scrolls of noise {unknown}
 i - 4 scrolls of identify {unknown}
 j - a scroll of enchant weapon {unknown}
 l - a scroll of amnesia {unknown}
 m - 4 scrolls of teleportation {unknown}
 n - 3 scrolls of blinking {unknown}
 p - a scroll of brand weapon {unknown}
 u - 3 scrolls of poison {unknown}
 x - a scroll of magic mapping {unknown}
Potions
 d - 6 potions of curing {unknown}
 g - 3 potions of attraction {unknown}
 h - 2 potions of mutation {unknown}
 k - 3 potions of might {unknown}
 o - a potion of brilliance {unknown}
 v - a potion of berserk rage {unknown}
 w - a potion of invisibility {unknown}
 z - a potion of flight {unknown}
 A - a potion of degeneration {unknown}
 C - a potion of haste {unknown}


   Skills:
 - Level 3.6 Fighting
 + Level 12.1 Axes
 - Level 2.4 Armour
 - Level 2.1 Dodging
 - Level 0.7 Stealth


You had 7 spell levels left.
You didn't know any spells.
Your spell library was empty.

Dungeon Overview and Level Annotations

Branches:
Dungeon (7/15)
 Temple: D:4-7

Altars:
Nemelex Xobeh
Trog

Shops:
D:5 =   D:6 [

Annotations:
D:6 Pikel


Innate Abilities, Weirdness & Mutations

You have a pair of horns on your head.
You reflexively headbutt those who attack you in melee.


Message History

You are no longer berserk.
You are exhausted.
You feel yourself slow down. The gnoll barely misses you.
The gnoll bouda hits you but does no damage.
The lemure barely misses you.
Pikel hits you with a +0 whip of electrocution.
You closely miss Pikel. You miss the lemure. You hit the gnoll bouda.
You kill the gnoll bouda!
Trog accepts your kill.
Your attacks no longer feel as feeble.
The gnoll is no longer moving quickly. x2
The gnoll hits you but does no damage. Pikel barely misses you.
The lemure hits you!
You barely miss Pikel. You barely miss the lemure. You slash the lemure!
The gnoll hits you from afar with a +0 spear.
Pikel closely misses you. The lemure hits you. x2
The lemure attacks as you move away! The lemure hits you but does no damage.
You slash Pikel! Your headbutt misses Pikel.
Pikel is moderately wounded.
The gnoll is no longer moving quickly.
Pikel hits you with a +0 whip of electrocution.
You barely miss Pikel. Your headbutt misses Pikel.
Pikel is moderately wounded.
Pikel waves his whip at you.
Pikel zaps a wand.
You resist with some effort.
Pikel hits you with a +0 whip of electrocution.
You are electrocuted!
* * * LOW HITPOINT WARNING * * *
Your skin crawls.
You feel strong-willed.
Pikel zaps a wand.
You resist with almost no effort.
You slash Pikel! Your headbutt misses Pikel.
Pikel is heavily wounded.
Pikel hits you with a +0 whip of electrocution.
* * * LOW HITPOINT WARNING * * *
You are electrocuted!
* * * LOW HITPOINT WARNING * * *
Pikel hits you but does no damage.
Pikel hits you with a +0 whip of electrocution!
You die...

#.......#....#
....
#######.#....#
#....
#.#....#####
#....
#.)........#
#....
##########.#
#.... #.#
#.... #.#
####.# #.@..#
#K####
#g55go....
#.go5.....
#.........
.......#######
.......'
.......#
.......#


You could see Pikel, a lemure and 2 gnolls.

Vanquished Creatures
  A lemure (D:6)
  A centaur (D:5)
  A kobold brigand (D:6)
  Blork the orc (D:5)
  The ghost of pacmanke6689 the Gusty, an amateur TeAE (D:3)
  A necrophage (D:4)
  3 scorpions
  A gnoll sergeant (D:5)
  3 hounds
  A jelly (D:5)
  3 orc priests
  A gnoll bouda (D:6)
  Natasha (D:2)
  4 iguanas
  3 orc wizards (D:6)
  5 gnolls
  2 adders
  3 worms (D:2)
  3 dart slugs
  14 orcs
  3 endoplasms
  A giant cockroach (D:1)
  6 goblins
  6 hobgoblins
  4 jackals (D:3)
  11 kobolds
  3 quokkas
  7 ball pythons
  A bat (D:2)
  A frilled lizard (D:3)
  6 rats
102 creatures vanquished.

Notes
Turn   | Place    | Note
-------+----------+-------------------------------------------
     0 | D:1      | writerjack the Minotaur Berserker began the quest for the
                  | Orb.
     0 | D:1      | Reached XP level 1. HP: 19/19 MP: 0/0
    25 | D:2      | Noticed Natasha
   118 | D:1      | Reached skill level 4 in Axes
   146 | D:1      | Reached XP level 2. HP: 18/26 MP: 1/1
   547 | D:1      | You fall into a shaft and drop 1 floor!
  1135 | D:1      | Found a faded altar of an unknown god.
  1164 | D:2      | Reached skill level 5 in Axes
  1164 | D:2      | Reached XP level 3. HP: 26/31 MP: 2/2
  1619 | D:2      | Killed Natasha
  1620 | D:2      | Reached XP level 4. HP: 22/39 MP: 3/3
  2040 | D:3      | Reached ** piety under Trog
  2041 | D:3      | Reached skill level 6 in Axes
  2450 | D:3      | Noticed pacmanke6689's ghost (amateur TeAE)
  2455 | D:3      | Found a runed translucent door.
  2807 | D:3      | Killed pacmanke6689's ghost
  2808 | D:3      | Reached skill level 7 in Axes
  2808 | D:3      | Reached XP level 5. HP: 42/45 MP: 4/4
  2983 | D:5      | Entered Level 5 of the Dungeon
  3014 | D:4      | Reached skill level 8 in Axes
  3014 | D:4      | Reached XP level 6. HP: 37/51 MP: 5/5
  3856 | D:4      | Reached skill level 9 in Axes
  4072 | D:6      | Noticed Pikel
  4097 | D:5      | Found Kyaruvifuz's Jewellery Emporium.
  4116 | D:5      | Reached XP level 7. HP: 8/57 MP: 6/6
  4458 | D:5      | Found a bloodstained altar of Trog.
  4478 | D:5      | Reached skill level 10 in Axes
  4750 | D:5      | Found a sparkling altar of Nemelex Xobeh.
  4780 | D:5      | Noticed Blork the orc
  4788 | D:5      | Killed Blork the orc
  5055 | D:6      | Reached skill level 11 in Axes
  5607 | D:6      | Found Sahozycy's Antique Armour Shoppe.
  5664 | D:6      | Reached XP level 8. HP: 56/64 MP: 7/7
  5721 | D:6      | Reached *** piety under Trog
  5904 | D:6      | Reached skill level 12 in Axes
  5911 | D:6      | HP: 3/64 [Pikel/+0 whip of electrocution (15)]
  5912 | D:6      | Slain by Pikel

Illustrated notes

Levels and vault maps discovered:
D:1:      lightli_arrival_chessboard, layout_basic,
          ebering_ecumenical_altar_abandoned
D:2:      layout_basic, due_unseen_surprise, uniq_natasha
D:3:      layout_loops_ring, hellmonk_ghost_happy_afterlife,
          grunt_decor_junction
D:4:      layout_loops_ring
D:5:      layout_cave_pools, nemelex_spade_bored_becter,
          trog_three_pillars_becter, serial_shops, shop, uniq_blork_the_orc
D:6:      layout_basic, serial_shops, kennysheep_mini, uniq_pikel
D:7:      lemuel_slime, layout_loops_ring, minmay_temple_entry_trees,
          minmay_tree_intersection, uniq_joseph, uniq_duvessa,
          uniq_crazy_yiuf_cottage

Skill      XL: |  1  2  3  4  5  6  7  8 |
---------------+-------------------------+-----
Axes           | 4 5 7 8 9 11 12 | 12.1
Fighting       | |  3.6
Armour         | |  2.4
Dodging        | |  2.1
Stealth        | |  0.7

Action                   |  1- 3 |  4- 6 |  7- 9 || total
-------------------------+-------+-------+-------++-------
Melee: Hand axe          |    61 |    14 |       ||    75
       Headbutt          |    12 |    11 |    15 ||    38
       War axe           |       |    78 |    87 ||   165
       Punch             |       |     2 |     2 ||     4
Throw: Dart              |       |       |     3 ||     3
Invok: Berserk           |     1 |       |     5 ||     6
       Trog's Hand       |       |       |     1 ||     1
 Stab: Sleeping          |       |     1 |       ||     1
Armor: Animal skin       |     6 |       |       ||     6
       Chain mail        |       |    41 |    31 ||    72
Dodge: Dodged            |    37 |    49 |    23 ||   109
